 Dungeon Crawl Stone Soup version 0.18-a0-998-gcb3fcb1 (webtiles) character file.

1514 Daviar the Skirmisher (level 8, -3/63 HPs)
             Began as a Demigod Fighter on Jan 6, 2016.
             Killed by Olgreb's Toxic Radiance
             ... invoked by coffecat's ghost
              (12 damage)
             ... on level 7 of the Dungeon.
             The game lasted 00:14:26 (4453 turns).

Daviar the Skirmisher (Demigod Fighter)             Turns: 4453, Time: 00:14:26

Health: -3/63      AC: 10    Str: 21      XL:     8   Next: 28%
Magic:  10/10      EV: 18    Int: 12      God:
Gold:   214        SH:  0    Dex: 22 (23) Spells: 0 memorised, 7 levels left

rFire  . . .     SeeInvis .     a - +1 long sword
rCold  . . .     Gourm    .     b - +0 scale mail
rNeg   . . .     Faith    .     c - +0 shield
rPois  .         Spirit   .     E - +0 helmet
rElec  .         Dismiss  .     l - +0 cloak
rCorr  .         Reflect  .     r - +0 pair of gloves
SustAt +         Harm     .     (no boots)
MR     .....                    (no amulet)
Stlth  +.........               d - +2 ring of evasion
                                g - +3 ring of dexterity

@: confused, agile, lethally poisoned (-3 -> -18), not resistant to hostile
enchantments, very unstealthy
A: frail 1, high mp 1, sense surroundings 1, weak 1, subdued magic 1, sustain
attributes, MP-powered wands
a: no special abilities


You were on level 7 of the Dungeon.
You were hungry.

You visited 1 branch of the dungeon, and saw 7 of its levels.

You collected 319 gold pieces.
You spent 105 gold pieces at shops.

Inventory:

Hand Weapons
 a - a +1 long sword (weapon)
Armour
 b - a +0 scale mail (worn)
 c - a +0 shield (worn)
 l - a +0 cloak (worn)
 r - a +0 pair of gloves (worn)
 E - a +0 helmet (worn)
Jewellery
 d - a +2 ring of evasion (right hand)
 g - a +3 ring of dexterity (left hand)
 C - an uncursed ring of wizardry
Scrolls
 e - 3 scrolls of recharging
 i - a scroll of enchant weapon
 o - 3 scrolls of identify
 u - 4 scrolls of remove curse
 v - 3 scrolls of teleportation
 B - a scroll of enchant armour
Potions
 n - a potion of agility
 w - 2 potions of poison
Comestibles
 f - 5 bread rations
 m - 4 meat rations
 s - 3 fruits
 t - a royal jelly
 A - a beef jerky


   Skills:
 + Level 6.0 Fighting
 + Level 5.3 Long Blades
 + Level 4.3 Armour
 - Level 4.0 Dodging
 + Level 4.3 Shields


You had 7 spell levels left.
You didn't know any spells.

Dungeon Overview and Level Annotations

Branches:
Dungeon (7/15)             Temple (0/1) D:4

Shops:
D:4 }%*?(

Annotations:
D:7 coffecat's ghost, novice SpVM


Innate Abilities, Weirdness & Mutations

You have an increased reservoir of magic (+10% MP).
Your attributes are resistant to harm.
You are frail (-10% HP).
You passively map a small area around you.
You are weak. (Str -2)
Your spells are a little easier to cast, but a little less powerful.
You expend magic power (3 MP) to strengthen your wands.


Message History

You are lethally poisoned!
Coffecat's ghost gestures at you while chanting.
The ball explodes into a vile cloud!
The stinking cloud engulfs you!
The stinking cloud engulfs coffecat's ghost.
Unknown command.
Drink which item? (? for menu, Esc to quit)
Okay, then.
You are engulfed in noxious fumes.
You choke on the stench!
You are more confused.
* * * LOW HITPOINT WARNING * * *
You feel sick.
* * * LOW HITPOINT WARNING * * *
You are more poisoned.
Coffecat's ghost ripples.
You bump into the rock wall.
You are engulfed in noxious fumes.
You choke on the stench!
You are more confused.
* * * LOW HITPOINT WARNING * * *
You feel sick.
You die...

*, , , , * ##, *
*.. .# ##### !# *
, ...# .# .##
##.##.#
..o..#@§§#.######
#...W§†.)..... *
###§§§#.######
##.##.# ** #.# .#
,..# .# * #### .#
* .# , ,*.#


You could see coffecat's ghost.

Vanquished Creatures
  2 ogres
  2 sky beasts
  2 phantoms
  A centaur (D:5)
  2 giant frogs
  A scorpion (D:5)
  2 crimson imps (D:5)
  A giant frog zombie (D:5)
  2 jellies
  A centaur skeleton (D:4)
  2 giant frog skeletons
  A gnoll shaman (D:5)
  3 hounds
  2 orc wizards
  Natasha (D:3)
  A worker ant (D:5)
  6 adders
  10 gnolls
  A shadow imp (D:6)
  2 adder skeletons (D:4)
  3 worms
  10 giant geckos
  10 orcs
  5 bats
  3 giant cockroaches
  4 goblins
  4 hobgoblins
  7 jackals
  6 kobolds
  3 quokkas
  2 ball pythons
  A giant gecko skeleton (D:5)
  6 giant newts
  A quokka zombie (D:6)
  3 rats
113 creatures vanquished.

Notes
Turn   | Place    | Note
--------------------------------------------------------------
     0 | D:1      | Daviar the Demigod Fighter began the quest for the Orb.
     0 | D:1      | Reached XP level 1. HP: 18/18 MP: 3/3
   226 | D:1      | Reached skill level 3 in Fighting
   226 | D:1      | Reached XP level 2. HP: 23/26 MP: 4/4
   715 | D:2      | Reached XP level 3. HP: 31/31 MP: 5/5
  1385 | D:3      | Reached XP level 4. HP: 35/38 MP: 6/6
  1474 | D:3      | Noticed Natasha
  1482 | D:3      | Killed Natasha
  1885 | D:3      | Reached XP level 5. HP: 41/45 MP: 7/7
  2043 | D:4      | Found Leplanoe's Antique Weapon Boutique.
  2073 | D:4      | Found Ecleh's Magic Scroll Emporium.
  2089 | D:4      | Bought a scroll of enchant armour for 75 gold pieces
  2089 | D:4      | Bought a scroll of remove curse for 30 gold pieces
  2092 | D:4      | Found Kir Ymm's Assorted Antiques.
  2125 | D:4      | Found Lureicefusk's Gadget Shoppe.
  2143 | D:4      | Found Xoiskun's Food Shop.
  2230 | D:4      | Found a staircase to the Ecumenical Temple.
  2471 | D:5      | Entered Level 5 of the Dungeon
  2501 | D:5      | Reached skill level 4 in Armour
  2616 | D:5      | Noticed a phantom
  2617 | D:5      | Noticed an ogre
  2830 | D:4      | Killed an ogre
  2830 | D:4      | Reached skill level 1 in Dodging
  2830 | D:4      | Reached XP level 6. HP: 50/52 MP: 8/8
  2859 | D:5      | Found a shattered altar of Ashenzari.
  3304 | D:5      | Reached XP level 7. HP: 44/60 MP: 9/9
  3561 | D:5      | Reached skill level 5 in Fighting
  3941 | D:5      | Gained mutation: You have a pair of small antennae on your head. [mutagenic meat]
  3942 | D:5      | Gained mutation: Your body sometimes deteriorates upon taking damage. [mutagenic meat]
  3943 | D:5      | Gained mutation: You are dopey. (Int -2) [mutagenic meat]
  3944 | D:5      | Gained mutation: You tend to lose your temper in combat. [mutagenic meat]
  4100 | D:6      | Lost mutation: Your body sometimes deteriorates upon taking damage. [potion of cure mutation]
  4100 | D:6      | Lost mutation: You are dopey. (Int -2) [potion of cure mutation]
  4100 | D:6      | Lost mutation: You have a pair of small antennae on your head. [potion of cure mutation]
  4100 | D:6      | Lost mutation: You tend to lose your temper in combat. [potion of cure mutation]
  4178 | D:6      | Reached XP level 8. HP: 68/70 MP: 10/10
  4220 | D:6      | Reached skill level 5 in Long Blades
  4236 | D:6      | Found a snail-covered altar of Cheibriados.
  4237 | D:6      | Found a shimmering altar of Xom.
  4239 | D:6      | Found an opulent altar of Gozag.
  4278 | D:6      | Gained mutation: You are weak. (Str -2) [mutagenic meat]
  4279 | D:6      | Gained mutation: Your spells are a little easier to cast, but a little less powerful. [mutagenic meat]
  4281 | D:6      | Gained mutation: You are frail (-10% HP). [mutagenic meat]
  4282 | D:6      | Gained mutation: You passively map a small area around you. [mutagenic meat]
  4283 | D:6      | Gained mutation: You expend magic power (3 MP) to strengthen your wands. [mutagenic meat]
  4344 | D:6      | Found an iron altar of Okawaru.
  4344 | D:6      | Found a deep blue altar of Sif Muna.
  4420 | D:7      | Reached skill level 6 in Fighting
  4429 | D:7      | Noticed coffecat's ghost (novice SpVM)
  4453 | D:7      | Killed from afar by coffecat's ghost

Vault maps used:
D:1:      lightli_arrival_isolated_outpost
D:2:      first_bread, kennysheep_generic_room_7
D:3:      grunt_ministairs_14, st_stairs_3, kennysheep_minor_cross, uniq_natasha
D:4:      temple_doors_e, serial_shops, nicolae_shop_statue_plus, shop,
          shop_statue, shop, shop
D:5:      hangedman_decor_push, cheibrodos_ashenzari_chains
D:6:      grunt_temple_overflow_open
D:7:      grunt_temple_overflow_lords_of_destruction, marbit_many_paths

Action                   |  1- 3 |  4- 6 |  7- 9 || total
-------------------------+-------+-------+-------++-------
Melee: Long sword        |   139 |   174 |   174 ||   487
  Use: Scroll            |     4 |       |     7 ||    11
       Potion            |       |     2 |    13 ||    15
  Eat: Chunk             |     2 |     6 |    13 ||    21
       Beef jerky        |       |       |     1 ||     1
